 Dungeon Crawl Stone Soup version 0.22.1-1-ga44c0e5 (webtiles) character file.

96607 jerryfan the Unseen (level 16, -2/110 HPs)
             Began as a Halfling Assassin on Sept 17, 2018.
             Was the Champion of Ashenzari.
             Slain by the 27-headed Lernaean hydra (4 damage)
             ... on level 4 of the Swamp on Sept 20, 2018.
             The game lasted 02:15:46 (24288 turns).

jerryfan the Unseen (Halfling Assassin)            Turns: 24288, Time: 02:15:47

Health: -2/110     AC: 12    Str: 18    XL:     16   Next: 67%
Magic:  0/19       EV: 32    Int:  9    God:    Ashenzari [******]
Gold:   2295       SH:  0    Dex: 25    Spells: 13/15 levels left

rFire    . . .     SeeInvis +   Y - +9 rapier "Cujowa" {pierce, *Corrode Str+2 Dex+2} (curse)
rCold    + + .     Gourm    .   (shield restricted)
rNeg     + + .     Faith    .   C - +0 leather armour of Feasting {rN++ Regen+ Slay+3 Stlth+} (curse)
rPois    +         Spirit   +   I - +1 helmet "Xisin" {rPois rC++} (curse)
rElec    .         Reflect  .   A - scarf {repulsion} (curse)
rCorr    .         Harm     .   Z - +3 pair of gauntlets of War {Slay+5} (curse)
MR       ++...     Clarity  +   B - +2 pair of boots {Stlth+} (curse)
Stlth    +++++++++.             r - amulet of guardian spirit (curse)
HPRegen  0.68/turn              m - ring of protection from magic (curse)
MPRegen  0.16/turn              l - +4 ring of strength (curse)

@: about to teleport, flying, very slightly contaminated, repel missiles
A: small, mutation resistance 1, no potion heal 1
a: Curse Item, Scrying, Transfer Knowledge, Renounce Religion


You were on level 4 of the Swamp.
You worshipped Ashenzari.
Ashenzari was exalted by your worship.
You were hungry.

You visited 5 branches of the dungeon, and saw 24 of its levels.
You also visited: Ossuary and Bailey.

You collected 2927 gold pieces.
You spent 632 gold pieces at shops.

Inventory:

Hand Weapons
 a - a +3 dagger of freezing
 b - a +0 blowgun
 h - a +4 dagger of venom
 H - a +1 dagger of protection
 P - the +4 mace of Doom {drain, Dex+2 SInv}
   (You took it off a kobold in a bailey)

   A truly terrible weapon, it drains the life of those it strikes.
   It affects your dexterity (+2).
   It lets you see invisible.
 R - a +2 dagger of speed
 Y - the cursed +9 rapier "Cujowa" (weapon) {pierce, *Corrode Str+2 Dex+2}
   (You found it on level 4 of the Lair of Beasts)

   It inflicts extra damage upon your enemies.
   It affects your strength (+2).
   It affects your dexterity (+2).
   It may corrode you when you take damage.
   It has a curse placed upon it.
Missiles
 e - 43 poisoned needles
 t - 39 tomahawks of returning (quivered)
Armour
 q - a +1 cloak
 v - a +1 pair of gloves of strength
 A - a cursed scarf of repulsion (worn)
 B - a cursed +2 pair of boots of stealth (worn)
 C - the cursed +0 leather armour of Feasting (worn) {rN++ Regen+ Slay+3 Stlth+}
   (You found it on level 6 of the Dungeon)

   It affects your accuracy and damage with ranged weapons and melee attacks
   (+3).
   It greatly protects you from negative energy.
   It increases your rate of regeneration.
   It makes you more stealthy.
   It has a curse placed upon it.
 I - the cursed +1 helmet "Xisin" (worn) {rPois rC++}
   (You bought it in a shop on level 6 of the Dungeon)

   It greatly protects you from cold.
   It protects you from poison.
   It has a curse placed upon it.
 Z - the cursed +3 pair of gauntlets of War (worn) {Slay+5}
   (You found it on level 5 of the Lair of Beasts)

   It affects your accuracy and damage with ranged weapons and melee attacks
   (+5).
   It has a curse placed upon it.
Magical Staves
 u - an uncursed staff of air
Jewellery
 d - an uncursed ring of positive energy
 l - a cursed +4 ring of strength (right hand)
 m - a cursed ring of protection from magic (left hand)
 r - a cursed amulet of guardian spirit (around neck)
 s - an uncursed ring of ice
 x - an uncursed amulet of the acrobat
 E - an uncursed ring of protection from cold
 J - a +1 ring of evasion
Wands
 F - a wand of paralysis (47)
 G - a wand of acid (5)
 K - a wand of enslavement (7)
 L - a wand of disintegration (23)
 N - a wand of flame (58)
 O - a wand of polymorph (37)
 Q - a wand of iceblast (12)
 U - a wand of random effects (40)
Scrolls
 i - 16 scrolls of identify
 o - a scroll of remove curse
 y - 3 scrolls of magic mapping
 D - 6 scrolls of teleportation
 S - 3 scrolls of fog
 T - a scroll of summoning
 X - 6 scrolls of enchant weapon
Potions
 c - 2 potions of agility
 f - a potion of cancellation
 j - 6 potions of flight
 k - 3 potions of brilliance
 n - 15 potions of curing
 p - 2 potions of heal wounds
 w - 2 potions of haste
 z - 3 potions of might
 V - a potion of resistance
Comestibles
 g - 37 rations


   Skills:
 + Level 10.4 Fighting
 * Level 18.3(22.0) Short Blades
 - Level 3.0 Throwing
 + Level 12.5(16.6) Dodging
 * Level 18.6(22.3) Stealth
 + Level 4.5(8.9) Evocations


You had 13 spell levels left.
You knew the following spells:

 Your Spells              Type           Power        Failure   Level  Hunger
a - Swiftness             Chrm/Air       #.......     50%         2    ###....

Your spell library contained the following spells:

 Spells                   Type           Power        Failure   Level  Hunger
 Magic Dart               Conj           #...         36%         1    ##.....
 Shock                    Conj/Air       #...         36%         1    ##.....
 Blink                    Tloc           N/A          50%         2    ###....
 Call Imp                 Summ           #.......     50%         2    ###....
 Poisonous Vapours        Pois/Air       #.....       50%         2    ###....
 Searing Ray              Conj           #.....       50%         2    ###....
 Slow                     Hex            #.......     50%         2    ###....
 Conjure Flame            Conj/Fire      #.......     73%         3    ####...
 Dazzling Spray           Conj/Hex       #.....       73%         3    ####...
 Ignite Poison            Fire/Tmut/Pois #.......     73%         3    ####...
 Mephitic Cloud           Conj/Pois/Air  #.......     73%         3    ####...
 Static Discharge         Conj/Air       #.......     73%         3    ####...
 Airstrike                Air            #.........   98%         4    #####..
 Force Lance              Conj/Tloc      #.......     98%         4    #####..
 Fulminant Prism          Conj/Hex       #.........   98%         4    #####..
 Iskenderun's Mystic Bla  Conj           #.......     98%         4    #####..
 Leda's Liquefaction      Hex/Erth       #.........   98%         4    #####..
 Bolt of Magma            Conj/Fire/Erth #.........   100%        5    ######.
 Fireball                 Conj/Fire      #.........   100%        5    ######.
 Lightning Bolt           Conj/Air       #.........   100%        5    ######.
 Bolt of Fire             Conj/Fire      #.........   100%        6    #######
 Freezing Cloud           Conj/Ice/Air   #.........   100%        6    #######
 Iron Shot                Conj/Erth      #.........   100%        6    #######
 Statue Form              Tmut/Erth      #........    100%        6    #######
 Ring of Flames           Chrm/Fire      #.........   100%        7    #######
 Ignition                 Fire           #.........   100%        8    #######
 Shatter                  Erth           #.........   100%        9    #######


Dungeon Overview and Level Annotations

Branches:
Dungeon (12/15)            Temple (1/1) D:4            Lair (6/6) D:9
  Swamp (4/4) Lair:2       Spider (0/4) Lair:3        Slime (0/5) Lair:6
    Orc (1/2) D:10

Altars:
Ashenzari
Cheibriados
Dithmenos
Elyvilon
Fedhas
Gozag
Hepliaklqana
Kikubaaqudgha
Makhleb
Nemelex Xobeh
Okawaru
Qazlal
Ru
Sif Muna
Trog
Uskayaw
Vehumet
Wu Jian
Xom
Yredelemnul
Zin
The Shining One
Beogh

Shops:
D:4 (   D:6 [   D:10 *:*[   D:11 *[

Annotations:
D:10 exclusion: 2 downstairs
Lair:2 1 runed door, Zleub's ghost, journeyman DrIE
Swamp:1 exclusion: Roxanne, Roxanne
Swamp:3 2 transporters, Eri Buc's ghost, adept MfGl
Swamp:4 Lernaean hydra


Innate Abilities, Weirdness & Mutations

You are small and have problems with some larger weapons.
You are somewhat resistant to further mutation.
Potions are less effective at restoring your health.


Message History

The 27-headed Lernaean hydra bites you!
* * * LOW HITPOINT WARNING * * *
The 27-headed Lernaean hydra bites you but does no damage.
The 27-headed Lernaean hydra bites you!
* * * LOW HITPOINT WARNING * * *
The 27-headed Lernaean hydra bites you but does no damage.
The 27-headed Lernaean hydra completely misses you. x2
The 27-headed Lernaean hydra bites you!
* * * LOW HITPOINT WARNING * * *
The 27-headed Lernaean hydra completely misses you. x2
The 27-headed Lernaean hydra bites you.
* * * LOW HITPOINT WARNING * * *
The 27-headed Lernaean hydra bites you but does no damage.
The 27-headed Lernaean hydra completely misses you. x2
The 27-headed Lernaean hydra bites you.
* * * LOW HITPOINT WARNING * * *
The 27-headed Lernaean hydra completely misses you.
The 27-headed Lernaean hydra bites you but does no damage.
The 27-headed Lernaean hydra bites you.
You die...

≈≈≈≈≈≈≈≈≈.≈♣♣♣♣♣.≈♣≈≈≈≈
*♣.≈≈§≈≈≈§.≈♣♣ ♣♣♣♣♣.≈≈
*♣≈§≈≈≈§≈.≈♣ ♣..♣
.≈§≈≈≈≈≈.♣♣ ♣...
*.≈≈.≈≈≈≈D♣ *♣.≈≈
≈...≈≈≈≈≈♣ ♣≈≈≈≈ *
♣♣♣.≈≈≈§♣ ♣.≈≈≈
♣♣.≈≈yD♣♣ ♣...≈≈
♣≈.≈≈@.≈♣ ♣♣♣≈..
♣♣≈.≈♣♣♣♣ ♣♣≈≈ ♣♣♣♣ ♣≈.
≈ **, *


You could see the 27-headed Lernaean hydra, an eight-headed hydra and a vampire
mosquito.

Vanquished Creatures
  Kirke (Swamp:4)
  4 thorn hunters
  14 hydras
  An ice dragon (Lair:6)
  10 alligators
  A catoblepas (D:11)
  2 ghost crabs
  4 two-headed ogres
  8 death yaks
  An unseen horror (D:10)
  7 swamp dragons
  3 shambling mangroves
  An orc knight (Bailey)
  Pikel (D:8)
  2 lindwurms (Lair:6)
  A cyclops (D:9)
  A deep elf mage (D:12)
  2 black mambas
  Joseph (D:10)
  12 elephants
  Psyche (D:8)
  A gargoyle (D:8)
  5 torpor snails (Lair:6)
  9 spiny frogs
  3 rime drakes
  2 kobold demonologists (D:12)
  7 komodo dragons
  A jumping spider (Lair:3)
  2 trolls
  10 polar bears
  17 hornets
  13 tyrant leeches
  16 blink frogs
  2 raiju (Lair:6)
  2 dream sheep (D:8)
  3 bog bodies (Swamp:3)
  6 hippogriffs
  2 shadows
  7 wyverns (Lair:4)
  4 spriggans
  37 yaks
  A hog (Swamp:4)
  2 basilisks
  14 vampire mosquitoes
  A steam dragon (D:10)
  9 wargs
  18 insubstantial wisps
  16 swamp worms
  8 porcupines
  13 hell hounds (Lair:6)
  5 water moccasins
  7 orc warriors
  12 black bears
  5 ice beasts
  2 phantoms
  An eye of draining (D:11)
  15 swamp drakes
  A sky beast (D:5)
  2 necrophages
  6 centaurs
  4 ogres
  25 wolves
  10 crocodiles
  6 big kobolds
  9 bullfrogs
  3 water moccasin zombies (Ossuary)
  A wyvern skeleton (D:10)
  4 scorpions
  11 killer bees
  5 wights (D:7)
  4 howler monkeys
  4 bullfrog zombies
  9 crimson imps
  A centaur zombie (D:11)
  A quasit (D:12)
  14 jellies
  7 orc priests
  6 hounds
  12 orc wizards
  2 centaur skeletons
  An iguana (D:6)
  Natasha (D:2)
  3 worker ants
  2 big kobold zombies (Ossuary)
  2 mummies (Ossuary)
  A howler monkey zombie (D:8)
  2 worker ant zombies (D:6)
  4 gnolls
  10 adders
  13 oozes
  8 adder zombies
  2 adder skeletons
  2 worms (D:3)
  5 leopard geckos
  82 orcs
  6 bats
  3 giant cockroaches
  7 goblins
  8 hobgoblins
  6 jackals
  4 quokkas
  2 ball pythons
  A frilled lizard (D:5)
  2 gnoll zombies (Ossuary)
  4 hobgoblin zombies (Ossuary)
  28 kobolds
  7 kobold zombies (Ossuary)
  A leopard gecko skeleton (D:7)
  4 orc zombies (Ossuary)
  8 rats
  2 fungi
  2 plants (Lair:6)
736 creatures vanquished.

Vanquished Creatures (collateral kills)
  A porcupine (Lair:5)
1 creature vanquished.

Vanquished Creatures (others)
  A hornet (Swamp:4)
  2 humans (Swamp:4)
  A quokka (D:6)
  2 briar patches (Swamp:3)
  19 fungi
  20 plants
  8 toadstools (D:2)
53 creatures vanquished.

Grand Total: 790 creatures vanquished

Notes
Turn   | Place    | Note
-------+----------+-------------------------------------------
     0 | D:1      | jerryfan the Halfling Assassin began the quest for the Orb.
     0 | D:1      | Reached XP level 1. HP: 14/14 MP: 1/1
    90 | D:1      | Reached XP level 2. HP: 17/19 MP: 2/2
   602 | D:2      | Reached XP level 3. HP: 23/24 MP: 3/3
   831 | D:2      | Reached skill level 5 in Stealth
   831 | D:2      | Reached XP level 4. HP: 17/29 MP: 4/4
  1120 | D:2      | Noticed Natasha
  1287 | D:2      | Killed Natasha
  1326 | D:2      | Reached XP level 5. HP: 33/34 MP: 5/5
  1628 | D:2      | Gained mutation: Potions are less effective at restoring
                  | your health. [potion of mutation]
  1640 | D:2      | Reached XP level 6. HP: 13/41 MP: 6/6
  2196 | D:3      | Found an opulent altar of Gozag.
  2337 | D:3      | Noticed a water moccasin
  2357 | D:3      | Killed a water moccasin
  2357 | D:3      | Reached XP level 7. HP: 24/45 MP: 7/7
  2750 | D:3      | Reached skill level 5 in Short Blades
  3290 | D:4      | Found a staircase to the Ecumenical Temple.
  3334 | Temple   | Entered the Ecumenical Temple
  3529 | Temple   | Became a worshipper of Ashenzari the Shackled
  3618 | D:4      | Found Yfofearph's Antique Weapon Shoppe.
  4510 | D:5      | Entered Level 5 of the Dungeon
  4545 | D:5      | Found a sand-covered staircase.
  4592 | D:5      | Found a basalt altar of Yredelemnul.
  4634 | D:5      | Found a hazy altar of Hepliaklqana.
  4678 | Ossuary  | Entered an ossuary
  4811 | Ossuary  | Reached XP level 8. HP: 44/52 MP: 8/8
  6323 | D:6      | Reached * piety under Ashenzari
  6334 | D:6      | Got the cursed leather armour of Feasting {rN++ Regen+
                  | Slay+3 Stlth+}
  6345 | D:6      | Identified the cursed +0 leather armour of Feasting {rN++
                  | Regen+ Slay+3 Stlth+} (You found it on level 6 of the
                  | Dungeon)
  6572 | D:6      | Found a white marble altar of Elyvilon.
  6600 | D:6      | You fall through a shaft for 2 floors!
  6674 | D:8      | Reached XP level 9. HP: 58/58 MP: 9/9
  6733 | D:8      | Noticed Psyche
  6927 | D:7      | Reached skill level 5 in Dodging
  7106 | D:7      | Found a radiant altar of Vehumet.
  8147 | D:6      | Found Koupaink's Antique Armour Emporium.
  8150 | D:6      | Bought a spiked helmet for 228 gold pieces
  8155 | D:6      | Identified the +1 helmet "Xisin" {rPois rC++} (You bought
                  | it in a shop on level 6 of the Dungeon)
  8360 | D:8      | Noticed a gargoyle
  8367 | D:8      | Killed a gargoyle
  8367 | D:8      | Reached skill level 5 in Fighting
  8367 | D:8      | Reached skill level 10 in Stealth
  8367 | D:8      | Reached XP level 10. HP: 66/66 MP: 10/10
  8442 | D:8      | Found a shadowy altar of Dithmenos.
  8541 | D:8      | Found a bloodstained altar of Trog.
  8552 | D:8      | Found a glowing golden altar of the Shining One.
  8568 | D:8      | Found an iron altar of Okawaru.
  8628 | D:8      | Noticed Pikel
  8752 | D:8      | Reached skill level 10 in Short Blades
  9010 | D:8      | Reached ** piety under Ashenzari
  9257 | D:9      | Noticed a cyclops
  9280 | D:9      | Killed a cyclops
  9542 | D:9      | Found a staircase to the Lair.
 10035 | D:8      | Killed Psyche
 10058 | D:8      | Killed Pikel
 10058 | D:8      | Reached XP level 11. HP: 71/72 MP: 9/11
 10122 | D:8      | Noticed a two-headed hydra
 10152 | D:8      | Killed a two-headed hydra
 10207 | D:10     | Entered Level 10 of the Dungeon
 10331 | D:10     | Found a staircase to the Orcish Mines.
 10410 | D:10     | Found Wofac's General Store.
 10421 | D:10     | Noticed Joseph
 10629 | D:10     | Killed an unseen horror
 10700 | D:10     | Found Cogie's Book Emporium.
 10765 | D:10     | Reached *** piety under Ashenzari
 11012 | D:11     | Found a flagged portal.
 11031 | D:11     | Noticed a two-headed ogre
 11060 | Bailey   | Entered a bailey
 11072 | Bailey   | Noticed an orc knight
 11219 | Bailey   | Killed an orc knight
 11301 | Bailey   | Got the mace of Doom {drain, Dex+2 SInv}
 11703 | D:11     | Noticed a two-headed ogre
 11935 | D:10     | Found Jyesobym's Assorted Antiques.
 12015 | D:10     | Found Vyps's Armour Boutique.
 12158 | D:10     | Killed Joseph
 12267 | D:11     | Found Gengeomn's Antique Armour Shoppe.
 12278 | D:11     | Bought a pair of embroidered gloves for 202 gold pieces
 12288 | D:11     | Bought a pair of embroidered boots for 202 gold pieces
 12313 | D:11     | Noticed a catoblepas
 12324 | D:11     | Killed a catoblepas
 12324 | D:11     | Reached XP level 12. HP: 81/81 MP: 12/12
 12575 | D:11     | Found Zacag's Demolitions Depot.
 12893 | D:11     | Killed a two-headed ogre
 13015 | D:11     | Killed a two-headed ogre
 13168 | D:12     | Noticed a two-headed ogre
 13172 | D:12     | Killed a two-headed ogre
 13266 | D:12     | Noticed a death knight
 13397 | D:12     | Noticed a two-headed ogre
 13400 | D:12     | Killed a two-headed ogre
 13421 | D:12     | Noticed a soul eater
 13426 | D:12     | Noticed a sixfirhy
 13466 | D:12     | Learned a level 2 spell: Swiftness
 13618 | D:12     | Noticed a skeletal warrior
 13618 | D:12     | Noticed a skeletal warrior
 13786 | Lair:1   | Entered Level 1 of the Lair of Beasts
 13881 | Lair:1   | Reached **** piety under Ashenzari
 14338 | Lair:1   | Reached XP level 13. HP: 81/88 MP: 11/13
 14923 | Lair:2   | Found a staircase to the Swamp.
 14959 | Lair:2   | Found a shimmering altar of Xom.
 14959 | Lair:2   | Found a runed door.
 14959 | Lair:2   | Noticed Zleub's ghost (journeyman DrIE)
 15654 | Lair:3   | Found a hole to the Spider Nest.
 16147 | Lair:4   | Reached skill level 15 in Stealth
 16313 | Lair:4   | Reached skill level 10 in Dodging
 16745 | Lair:4   | Got the rapier "Cujowa" {pierce, *Corrode Str+2 Dex+2}
 16746 | Lair:4   | Identified the +9 rapier "Cujowa" {pierce, *Corrode Str+2
                  | Dex+2} (You found it on level 4 of the Lair of Beasts)
 16747 | Lair:4   | Identified the +4 mace of Doom {drain, Dex+2 SInv} (You
                  | took it off a kobold in a bailey)
 16845 | Lair:4   | Noticed a five-headed hydra
 16856 | Lair:4   | Killed a five-headed hydra
 16856 | Lair:4   | Reached skill level 15 in Short Blades
 17322 | Lair:5   | Found the +3 pair of gauntlets of War {Slay+5}
 17353 | Lair:5   | Noticed an eight-headed hydra
 17486 | Lair:5   | Reached ***** piety under Ashenzari
 17543 | Lair:5   | Noticed a six-headed hydra
 17551 | Lair:5   | Killed a six-headed hydra
 17583 | Lair:5   | Reached XP level 14. HP: 95/95 MP: 14/14
 18574 | Lair:6   | Entered Level 6 of the Lair of Beasts
 18686 | Lair:6   | Found a staircase to the Slime Pits.
 19702 | Lair:6   | Identified the +9 hand axe "Duitekhlo" {freeze, rF+ rC-
                  | Int+3}
 19830 | Lair:6   | Reached XP level 15. HP: 103/103 MP: 15/15
 20261 | Lair:6   | Found a runed door.
 20583 | Lair:6   | Reached skill level 10 in Fighting
 20871 | Orc:1    | Entered Level 1 of the Orcish Mines
 20871 | Orc:1    | Found a roughly hewn altar of Beogh.
 20871 | Orc:1    | Noticed an orc warlord
 20995 | Swamp:1  | Entered Level 1 of the Swamp
 21431 | Swamp:1  | Noticed Roxanne
 22002 | Swamp:2  | Reached skill level 1 in Evocations
 22630 | Swamp:3  | Noticed a thorn hunter
 22835 | Swamp:3  | Found a transporter.
 22836 | Swamp:3  | Found a transporter.
 22837 | Swamp:3  | Noticed a thorn hunter
 22838 | Swamp:3  | Noticed Eri Buc's ghost (adept MfGl)
 22871 | Swamp:3  | Reached XP level 16. HP: 87/109 MP: 15/19
 22910 | Swamp:3  | Noticed a thorn hunter
 22947 | Swamp:3  | Killed a thorn hunter
 23425 | Swamp:3  | Reached ****** piety under Ashenzari
 23516 | Swamp:3  | Killed a thorn hunter
 23555 | Swamp:4  | Entered Level 4 of the Swamp
 23687 | Swamp:4  | Noticed a thorn hunter
 23691 | Swamp:4  | Killed a thorn hunter
 23863 | Swamp:4  | Noticed Kirke
 23882 | Swamp:4  | Killed Kirke
 24183 | Swamp:4  | Noticed a thorn hunter
 24197 | Swamp:4  | Killed a thorn hunter
 24218 | Swamp:4  | Upgraded the game from 0.22.1 to 0.22.1-1-ga44c0e5
 24250 | Swamp:4  | Noticed the 27-headed Lernaean hydra
 24288 | Swamp:4  | HP: 4/110 [the 27-headed Lernaean hydra (2)]
 24288 | Swamp:4  | Slain by the 27-headed Lernaean hydra

Skill      XL: |  1  2  3  4  5  6  7  8  9 10 11 12 13 14 15 16 |
---------------+-------------------------------------------------+-----
Fighting       | 2 3 4 5 6 7 8 9 10 | 10.4
Short Blades   | 3 4 5 7 9 10 12 13 15 16 17 18 | 18.3
Stealth        | 5 6 7 8 10 11 13 14 15 16 17 18 | 18.6
Dodging        | 2 3 4 5 7 8 9 10 11 12 | 12.5
Throwing       | 3 |  3.0
Evocations     | 4 |  4.5

Action                   |  1- 3 |  4- 6 |  7- 9 | 10-12 | 13-15 | 16-18 || total
-------------------------+-------+-------+-------+-------+-------+-------++-------
Melee: Dagger            |    73 |   177 |   573 |   868 |   430 |       ||  2121
       Rapier            |       |       |       |       |   822 |   210 ||  1032
 Fire: Blowgun           |     8 |       |    13 |    16 |       |       ||    37
Throw: Tomahawk          |       |       |     5 |    63 |     2 |     1 ||    71
 Cast: Swiftness         |       |       |       |       |     1 |       ||     1
Invok: Curse Item        |       |       |     1 |     2 |     4 |       ||     7
       Scrying           |       |       |       |     2 |     2 |       ||     4
Evoke: Wand              |       |       |       |       |    10 |     9 ||    19
       Sack of spiders   |       |       |       |       |       |     3 ||     3
  Use: Scroll            |     3 |       |    10 |     3 |    10 |     4 ||    30
       Potion            |       |     2 |     1 |    11 |       |     3 ||    17
 Stab: Sleeping          |     3 |     4 |    29 |    44 |    37 |     8 ||   125
       Distracted        |       |       |     1 |     3 |    14 |     2 ||    20
       Confused          |       |       |       |       |     1 |       ||     1
       Paralysed         |       |       |       |       |       |     1 ||     1
  Eat: Ration            |       |     1 |     1 |       |     1 |     1 ||     4
       Chunk             |       |     1 |    16 |    19 |    25 |     1 ||    62
Armor: Robe              |    13 |    14 |    30 |       |       |       ||    57
       Skin              |       |       |    26 |       |       |       ||    26
       Leather armour    |       |       |    36 |    61 |    81 |    41 ||   219
Dodge: Dodged            |    49 |    87 |   267 |   489 |   869 |   250 ||  2011
       Deflected         |       |       |       |    25 |     3 |     4 ||    32
